 Dungeon Crawl Stone Soup version 0.30-a0-365-ge7f957f1db (webtiles) character file.

Game seed: 652579678267272717

1699 iguanaiguana the Artisan of Death (level 9, 0/62 HPs)
             Began as a Meteoran Fire Elementalist on Nov 17, 2022.
             Was a Priest of Kikubaaqudgha.
             Slain by a wraith (13 damage)
             ... on level 8 of the Dungeon.
             The game lasted 00:28:43 (2557 turns).

iguanaiguana the Artisan of Death (MeFE)            Turns: 2557, Time: 00:28:44

Health: 0/62       AC:  4    Str:  9    XL:     9   Next: 47%
Magic:  0/18       EV: 12    Int: 23    God:    Kikubaaqudgha [***...]
Gold:   158        SH:  0    Dex: 14    Spells: 7/19 levels left

rFire   . . .      SeeInvis .    y - +2 whip (elec)
rCold   . . .      Faith    +    (no shield)
rNeg    . . .      Spirit   .    a - +0 robe
rPois   .          Reflect  .    (no helmet)
rElec   .          Harm     .    v - +0 cloak
rCorr   .          Rampage  .    e - +0 pair of gloves
Will    +....                    (no boots)
Stlth   +.........               r - amulet of faith
HPRegen 0.30/turn                (no ring)
MPRegen 0.16/turn                (no ring)

@: animating dead, slowed, glowing, very slow
A: sense surroundings 2, otherworldly, glowing, explore regen
a: Renounce Religion, Unearth Wretches


You were on level 8 of the Dungeon.
You worshipped Kikubaaqudgha.
Kikubaaqudgha was most pleased with you.
You visited 1 branch of the dungeon, and saw 8 of its levels.

You collected 197 gold pieces.
You spent 39 gold pieces at shops.

Inventory:

Hand Weapons
 y - a +2 whip of electrocution (weapon)
Missiles
 c - 3 javelins
 j - 2 throwing nets
 k - 6 boomerangs
Armour
 a - a +0 robe (worn)
 e - a +0 pair of gloves (worn)
 v - a +0 cloak (worn)
Jewellery
 r - an amulet of faith (around neck)
Wands
 t - a wand of polymorph (8)
 w - a wand of digging (3) {@v3}
Scrolls
 d - 2 scrolls of fear
 g - 2 scrolls of magic mapping {@r5}
 m - a scroll of immolation
 n - a scroll of teleportation {@r3}
 o - a scroll of amnesia
 p - a scroll of enchant armour
 q - a scroll of vulnerability
 u - a scroll of identify {@r1}
Potions
 b - 2 potions of magic
 f - a potion of haste {@q4}
 h - 2 potions of heal wounds {@q2}
 i - a potion of mutation
 l - a potion of attraction


   Skills:
 - Level 2.4 Dodging
 - Level 1.4 Stealth
 * Level 5.7 Spellcasting
 - Level 2.0 Conjurations
 + Level 10.3 Necromancy
 - Level 5.9 Fire Magic


You had 7 spell levels left.
You knew the following spells:

 Your Spells              Type           Power      Damage    Failure   Level
a - Foxfire               Conj/Fire      96%        2x1d8     1%          1
b - Scorch                Fire           66%        2d8       1%          2
c - Inner Flame           Hex/Fire       20%        N/A       8%          3
d - Animate Dead          Necr           52%        N/A       1%          4
e - Sublimation of Blood  Necr           52%        N/A       1%          2

Your spell library contained the following spells:

 Spells                   Type           Power      Damage    Failure   Level
 Necrotise                Necr           100%       1d9       1%          1
 Vampiric Draining        Necr           52%        2d9       1%          3
 Dispel Undead            Necr           52%        3d19      1%          4
 Magic Dart               Conj           60%        1d6       3%          1
 Cigotuvi's Dreadful Rot  Necr/Pois/Air  44%        N/A       3%          2
 Agony                    Necr           52%        N/A       3%          5
 Kindle Blastsparks       Fire/Tloc/Air  30%        2d12      12%         3
 Call Imp                 Summ           6%         N/A       13%         2
 Flame Wave               Conj/Fire      24%        2d8       17%         4
 Death Channel            Necr           26%        N/A       19%         6
 Mephitic Cloud           Conj/Pois/Air  9%         N/A       21%         3
 Gell's Gravitas          Tloc           6%         N/A       26%         3
 Teleport Other           Tloc           6%         N/A       26%         3
 Borgnjor's Vile Clutch   Necr/Erth      15%        N/A       28%         5
 Simulacrum               Ice/Necr       15%        N/A       85%         6
 Dispersal                Tloc           3%         N/A       100%        6


Dungeon Overview and Level Annotations

Branches:
Dungeon (7/15) Zot: 2226   Temple (0/1) D:4

Altars:
Elyvilon
Hepliaklqana
Kikubaaqudgha
Makhleb
Sif Muna
Xom

Shops:
D:1 (   D:6 *(

Annotations:
D:2 Sigmund
D:5 Dowan, Duvessa


Innate Abilities, Weirdness & Mutations

You passively map the area around you.
You are easily found by Zot.
You glow in the dark.
You regain HP and MP as you explore.


Message History

You feel as though you will be slow longer.
The kobold brigand throws a poisoned dart.
The poisoned dart hits your kobold zombie!
Your kobold zombie closely misses the wraith.
The wraith hits you!
* * * LOW HITPOINT WARNING * * *
The kobold brigand hits your kobold zombie with a +2 dagger of venom.
Your kobold zombie hits the wraith.
Casting: Scorch (safe; 1% risk of failure)
Confirm with . or Enter, or press ? or * to list all spells.
Flames lash the wraith.
The wraith is burned terribly!
The wraith is heavily damaged.
Your kobold zombie closely misses the kobold brigand.
The kobold brigand hits your kobold zombie with a +2 dagger of venom.
Your kobold zombie is destroyed!
Your kobold zombie misses the wraith.
Casting: Scorch (safe; 1% risk of failure)
Confirm with . or Enter, or press ? or * to list all spells.
Flames lash the kobold.
You kill the kobold!
The dead are walking!
The wraith hits you.
* * * LOW HITPOINT WARNING * * *
The wraith drains your vigour!
You feel as though you will be slow longer.
The wraith hits you.
* * * LOW HITPOINT WARNING * * *
The wraith drains your vigour!
You feel as though you will be slow longer.
The kobold brigand hits your kobold zombie with a +2 dagger of venom!
Aiming: Fastroot
Press: ? - help, Shift-Dir - straight line The roots erupt in riotous growth!
Your kobold zombie is unaffected. x2
Roots grab the kobold brigand.
The wraith is unaffected.
The now-empty wand crumbles to dust.
The grasping roots constrict the kobold brigand.
The roots release their grip on the kobold brigand.
The wraith hits you!
You die...
Kikubaaqudgha rasps: "You have failed me!
Welcome... death!"

,
.......(≈≈~≈≈..#..............
*
#####♣...≈~≈...♣##############
♣♣.......♣♣ # ♣♣.....♣♣ #
♣♣...♣♣ # ** ♣♣.....♣♣ * * # ,
, , ♣.......♣♣ # * ♣...≈~≈...♣
* , ♣..≈≈~≈≈@.♣♣ * *
♣...~~_Z~W..♣ ♣♣.?≈≈~≈≈ZZ♣♣ *
* ♣...≈~≈K).♣ *,** ,*
♣♣......!♣♣ , ** * ♣♣...).♣♣
** ,, , ♣♣...♣ * ** , * *♣....
* ♣...[. * ,*


You could see a wraith (combustible, ally target), a kobold brigand and 3
friendly kobold zombies.

Vanquished Creatures
  Pikel (D:6)
  A water moccasin (D:6)
  An ice beast (D:5)
  2 black bears
  A lemure (D:6)
  A phantom (D:6)
  A bullfrog (D:6)
  A howler monkey (D:4)
  2 jellies
  A black bear zombie (D:6)
  2 orc priests (D:5)
  Crazy Yiuf (D:3)
  A gnoll bouda (D:4)
  2 hounds (D:4)
  2 iguanas
  Jessica (D:3)
  Natasha (thrice) (D:2)
  2 orc wizards
  5 gnolls (D:4)
  5 adders
  A shadow imp (D:6)
  4 dart slugs
  4 orcs
  5 ball pythons
  An endoplasm (D:1)
  2 giant cockroaches (D:1)
  6 goblins
  6 hobgoblins
  3 jackals (D:3)
  14 kobolds
  5 quokkas
  A frilled lizard (D:2)
  22 rats
110 creatures vanquished.

Vanquished Creatures (collateral kills)
  A black bear (D:6)
1 creature vanquished.

Vanquished Creatures (others)
  2 kobold zombies (D:8)
  149 foxfires
  3 plants (D:4)
154 creatures vanquished.

Grand Total: 265 creatures vanquished

Notes
Turn   | Place    | Note
-------+----------+-------------------------------------------
     0 | D:1      | iguanaiguana the Meteoran Fire Elementalist began the quest
                  | for the Orb.
     0 | D:1      | Reached XP level 1. HP: 14/14 MP: 5/5
    33 | D:2      | Reached XP level 2. HP: 20/20 MP: 2/6
    44 | D:2      | Reached XP level 3. HP: 25/26 MP: 4/8
   186 | D:1      | Found Qufuusae's Weapon Shop.
   275 | D:1      | Reached skill level 5 in Fire Magic
   279 | D:1      | Learned a level 2 spell: Scorch
   283 | D:1      | Learned a level 3 spell: Inner Flame
   458 | D:2      | Noticed Sigmund
   470 | D:2      | Noticed Natasha
   523 | D:2      | Killed Natasha
   524 | D:2      | Reached XP level 4. HP: 33/33 MP: 3/9
   707 | D:3      | Found an ancient bone altar of Kikubaaqudgha.
   728 | D:3      | Became a worshipper of Kikubaaqudgha
   738 | D:3      | Reached XP level 5. HP: 38/38 MP: 8/10
   745 | D:3      | Reached skill level 1 in Necromancy
   831 | D:3      | Found a hazy altar of Hepliaklqana.
   832 | D:3      | Found a shimmering altar of Xom.
   833 | D:3      | Noticed a spectral ugly thing
   833 | D:3      | Noticed a wretched star
   942 | D:2      | Noticed Natasha
   949 | D:2      | Killed Natasha
   950 | D:2      | Reached skill level 2 in Necromancy
   961 | D:2      | Reached * piety under Kikubaaqudgha
   961 | D:2      | Received a gift from Kikubaaqudgha
  1173 | D:2      | Noticed Natasha
  1211 | D:2      | Killed Natasha
  1212 | D:2      | Reached XP level 6. HP: 45/45 MP: 1/11
  1307 | D:3      | Noticed Jessica
  1311 | D:3      | Killed Jessica
  1312 | D:3      | Reached skill level 3 in Necromancy
  1440 | D:3      | Found a runed translucent door.
  1441 | D:3      | Noticed Crazy Yiuf
  1447 | D:3      | Killed Crazy Yiuf
  1549 | D:4      | Noticed a black bear
  1550 | D:5      | Entered Level 5 of the Dungeon
  1576 | D:4      | Killed a black bear
  1577 | D:4      | Reached skill level 4 in Necromancy
  1577 | D:4      | Reached XP level 7. HP: 50/50 MP: 4/14
  1580 | D:4      | Learned a level 2 spell: Sublimation of Blood
  1593 | D:4      | Reached ** piety under Kikubaaqudgha
  1600 | D:4      | Reached skill level 5 in Necromancy
  1629 | D:4      | Learned a level 4 spell: Animate Dead
  1637 | D:4      | Found a shimmering blue altar of Sif Muna.
  1702 | D:4      | Found a staircase to the Ecumenical Temple.
  1767 | D:4      | Reached skill level 6 in Necromancy
  1876 | D:4      | Reached XP level 8. HP: 57/57 MP: 6/15
  1893 | D:6      | Found Xef Oluz's General Store.
  1897 | D:6      | Bought a scroll of noise for 13 gold pieces
  1897 | D:6      | Bought a scroll of identify for 26 gold pieces
  1970 | D:5      | Noticed Duvessa
  1990 | D:5      | Noticed Dowan
  2031 | D:5      | Reached skill level 7 in Necromancy
  2253 | D:6      | Reached skill level 8 in Necromancy
  2273 | D:6      | Found Fyodworchipt's Weapon Shoppe.
  2277 | D:6      | Found a burning altar of Makhleb.
  2360 | D:6      | Noticed Pikel
  2361 | D:6      | Reached skill level 9 in Necromancy
  2361 | D:6      | Gained mutation: You passively map the area around you.
                  | [Meteoran growth]
  2361 | D:6      | Reached XP level 9. HP: 62/62 MP: 11/16
  2431 | D:6      | Killed Pikel
  2432 | D:6      | Reached skill level 10 in Necromancy
  2432 | D:6      | Reached skill level 5 in Spellcasting
  2501 | D:7      | You fall into a shaft and drop 1 floor!
  2532 | D:8      | Found a white marble altar of Elyvilon.
  2546 | D:8      | Reached *** piety under Kikubaaqudgha
  2546 | D:8      | Received a gift from Kikubaaqudgha
  2557 | D:8      | Slain by a wraith

Illustrated notes

Levels and vault maps discovered:
D:1:      erik_arrival_orb_chamber, layout_rooms, serial_shops,
          nicolae_shop_bloodbath_and_beyond, corexii_item_surrounded_by_moat,
          minmay_tetromino_i4
D:2:      layout_loops_corners, st_stairs_10, minmay_rat_hole, uniq_natasha,
          uniq_sigmund
D:3:      layout_loops_ring, regret_index_temple_of_mockery,
          mainiacjoe_overflow_surrounded_room, fedhas_altar_fruit_tree,
          uniq_jessica, uniq_crazy_yiuf_cottage, uniq_grinder
D:4:      layout_loops_ring, kennysheep_orc_sif_temple, temple_pool_b,
          guppyfry_early_lair_pool
D:5:      layout_loops_ring, kennysheep_little_box, uniq_duvessa, uniq_menkaure
D:6:      layout_layer_cave, bloody_makhleb, serial_shops, kennysheep_mini,
          shop, nicolae_square_shop, nicolae_shop_hallway_stairs,
          minmay_strange_pillars, minmay_misc_feat_enclosed, minmay_hedge_maze,
          kennysheep_generic_room_9, uniq_edmund, uniq_eustachio, uniq_pikel
D:7:      layout_cave_pools, minmay_misc_feat_tower
D:8:      layout_loops_ring, mainiacjoe_overflow_chevrons, elyvilon_altar_3,
          hex_tiny, nicolae_elemental_shop

Skill      XL: |  1  2  3  4  5  6  7  8  9 |
---------------+----------------------------+-----
Conjurations   | 2 |  2.0
Fire Magic     | 4 5 |  5.9
Necromancy     | 2 4 6 9 10 | 10.3
Spellcasting   | 3 4 5 |  5.7
Dodging        | |  2.4
Stealth        | |  1.4

Action                   |  1- 3 |  4- 6 |  7- 9 || total
-------------------------+-------+-------+-------++-------
Melee: Whip              |       |    32 |       ||    32
       Quarterstaff      |       |     2 |    15 ||    17
 Cast: Foxfire           |    33 |    32 |    27 ||    92
       Scorch            |     4 |    22 |    60 ||    86
       Inner Flame       |       |       |     9 ||     9
       Animate Dead      |       |       |     2 ||     2
Evoke: Wand              |       |       |     2 ||     2
  Use: Scroll            |       |       |    13 ||    13
       Potion            |       |       |     1 ||     1
Armor: Robe              |     7 |    21 |     6 ||    34
Dodge: Dodged            |    19 |    29 |    26 ||    74

Table legend: (Time is in decaauts)
 A = Elapsed time spent in this place.
 B = Non-inter-level travel time spent in this place.
 C = Inter-level travel time spent in this place.
 D = Time resting spent in this place.
 E = Time spent auto-exploring this place.
 F = Levels seen in this place.
 G = Mean time per level.
                   A        B        C        D        E       F      G
               +--------+--------+--------+--------+--------+-----+--------+
         Total |   2571 |   2434 |    137 |      0 |      0 |   8 |  321.4 |
       Dungeon |   2571 |   2434 |    137 |      0 |      0 |   8 |  321.4 |
               +--------+--------+--------+--------+--------+-----+--------+

Top non-repeatable levels by time:
     D:2: 762 daAuts
     D:3: 488 daAuts
     D:4: 402 daAuts
     D:1: 296 daAuts
     D:5: 292 daAuts
     D:6: 271 daAuts
     D:8: 58 daAuts
